 Dungeon Crawl Stone Soup version 0.30-a0-528-g8c47a4955b (console) character file.

Game seed: 11933422065906491783

208 jejorda2 the Poker (level 5, -7/64 HPs)
             Began as a Merfolk Berserker on Dec 23, 2022.
             Was a Believer of Trog.
             Mangled by a hornet (9 damage)
             ... on level 4 of the Dungeon on Dec 24, 2022.
             The game lasted 00:05:28 (3471 turns).

jejorda2 the Poker (Merfolk Berserker)              Turns: 3471, Time: 00:05:29

Health: -7/64      AC: 11    Str: 18    XL:     5   Next: 86%
Magic:  5/5        EV:  6    Int:  6    God:    Trog [**....]
Gold:   39         SH:  0    Dex: 15    Spells: 4/4 levels left

rFire   . . .      SeeInvis .    a - +0 trident
rCold   . . .      Faith    .    (no shield)
rNeg    . . .      Spirit   .    l - +0 plate armour
rPois   .          Reflect  .    (no helmet)
rElec   .          Harm     .    (no cloak)
rCorr   .          Rampage  .    p - +0 pair of gloves
Will    .....                    (no boots) Stlth
                                 (no amulet)
HPRegen 0.30/turn                (no ring)
MPRegen 0.09/turn                (no ring)

@: berserking (expiring), lethally poisoned (-7 -> -13), slowed
A: (nimble swimmer 2), mertail
a: Renounce Religion, Berserk, Trog's Hand


You were on level 4 of the Dungeon.
You worshipped Trog.
Trog was pleased with you.
You visited 1 branch of the dungeon, and saw 4 of its levels.

You collected 39 gold pieces.

Inventory:

Hand Weapons
 a - a +0 trident (weapon)
Missiles
 b - 21 stones (quivered)
 h - 5 javelins
Armour
 d - a +0 scale mail
 l - a +0 plate armour (worn)
 p - a +0 pair of gloves (worn)
Scrolls
 c - 3 scrolls of identify {unknown}
 n - 3 scrolls of blinking {unknown}
 o - a scroll of amnesia {unknown}
 q - 2 scrolls of enchant armour {unknown}
 r - a scroll of enchant weapon {unknown}
 s - a scroll of teleportation {unknown}
 u - a scroll of magic mapping {unknown}
 v - a scroll of vulnerability {unknown}
 w - a scroll of acquirement {unknown}
 x - a scroll of silence {unknown}
Potions
 e - 5 potions of haste {unknown}
 f - 4 potions of curing {unknown}
 g - a potion of magic {unknown}
 i - a potion of might {unknown}
 j - a potion of attraction {unknown}
 k - 2 potions of invisibility {unknown}
 m - a potion of flight {unknown}
 t - 4 potions of degeneration {unknown}


   Skills:
 + Level 4.4 Fighting
 * Level 6.5 Polearms
 - Level 1.3 Armour
 + Level 4.5 Dodging


You had 4 spell levels left.
You didn't know any spells.
Your spell library was empty.

Dungeon Overview and Level Annotations

Branches:
Dungeon (4/15)
 Temple: D:4-7

Altars:
Qazlal

Shops:
D:2 :


Innate Abilities, Weirdness & Mutations

((You are very nimble when in or above water. (Stealth+, EV+, Speed+++)))
Your lower body shifts to a powerful aquatic tail in water.


Message History

Your life force feels restored.
No target in view!
No target in view!
Found an escape hatch in the floor.
You now have 39 gold pieces (gained 4).
You see here a +0 dagger.
There is an escape hatch in the floor here.
A hornet comes into view.
The hornet buzzes angrily.
A red film seems to cover your vision as you go berserk!
You feel yourself moving faster!
You feel mighty! The hornet stings you!
You are poisoned.
You feel yourself slow down.
The hornet stings you but does no damage.
You closely miss the hornet.
You feel sick. The hornet stings you!
You suddenly lose the ability to move!
You feel sick. The hornet stings you.
You shrug off the repeated paralysis!
The hornet stings you!
You are more poisoned.
You feel as though you will be slow longer.
You feel very sick. The hornet stings you!
You feel as though you will be slow longer.
You feel very sick. The hornet stings you!
* * * LOW HITPOINT WARNING * * *
You feel as though you will be slow longer.
The hornet stings you but does no damage.
You can move again.
Unknown command.
You closely miss the hornet.
* * * LOW HITPOINT WARNING * * *
You feel sick.
The hornet stings you but does no damage.
You impale the hornet!!
The hornet is heavily wounded.
* * * LOW HITPOINT WARNING * * *
You feel very sick. The hornet barely misses you. The hornet stings you!
You die...

######.#####.# #.......###.#.####
..........<..###.##.##.##.###....
.##.##.##.........#.##.#.## ##)..
# #.#########..#.....######...
#.# #..####.#.#...#..# #..
#....>..##.......#
...#.#######.########...####
.............# ##.##
###########@.# ### ......y.....#
.##########.# #


You could see a hornet.

Vanquished Creatures
  An orc priest (D:4)
  2 iguanas
  Natasha (D:4)
  2 adders (D:2)
  2 dart slugs
  A worm (D:2)
  3 orcs
  6 ball pythons
  6 endoplasms
  3 giant cockroaches
  6 hobgoblins
  18 jackals
  A kobold (D:1)
  4 quokkas
  4 bats
  2 frilled lizards
  3 goblins
  4 rats
69 creatures vanquished.

Notes
Turn   | Place    | Note
-------+----------+-------------------------------------------
     0 | D:1      | jejorda2 the Merfolk Berserker began the quest for the Orb.
     0 | D:1      | Reached XP level 1. HP: 18/18 MP: 1/1
   399 | D:1      | Reached XP level 2. HP: 17/24 MP: 2/2
  1500 | D:2      | Reached XP level 3. HP: 27/29 MP: 3/3
  1583 | D:2      | Found a faded altar of an unknown god.
  1783 | D:2      | Reached ** piety under Trog
  1975 | D:2      | Reached skill level 5 in Polearms
  2045 | D:2      | Found Emiaw's Vocational Training.
  2050 | D:2      | Reached XP level 4. HP: 37/37 MP: 4/4
  2310 | D:3      | Found a stormy altar of Qazlal.
  2749 | D:3      | Identified the +1 leather armour of Honesty {Harm rF+
                  | Dex-3}
  2771 | D:3      | Reached XP level 5. HP: 42/42 MP: 5/5
  3184 | D:4      | Reached skill level 6 in Polearms
  3388 | D:4      | Noticed Natasha
  3396 | D:4      | Killed Natasha
  3464 | D:4      | Noticed a hornet
  3466 | D:4      | Paralysed by a hornet for 3 turns
  3471 | D:4      | HP: 2/64 [poisoned by a hornet]
  3471 | D:4      | Mangled by a hornet

Illustrated notes

Levels and vault maps discovered:
D:1:      sevenhm_arrival_forest_fort_small_4, layout_loops_corners,
          serial_co_window_serial, co_window_cross_1, co_window_paths_a,
          co_window_paths_a, co_window_corner_a, co_window_paths_b,
          co_window_corner_a, co_window_paths_a, co_window_corner_a,
          co_window_of_opportunity_a, co_window_corner_cb,
          co_window_unsneaky_path_b, co_window_corner_b, co_window_broadway_c,
          co_window_paths_c, co_window_2corner, co_window_paths_e,
          co_window_4corner_a, glass_columns_a, glass_columns_a,
          glass_columns_a, glass_columns_b
D:2:      layout_basic, shapermc_ecumenical_altar_ellora,
          nicolae_shop_vocational
D:3:      layout_loops_ring, mainiacjoe_overflow_surrounded_room, serial_rivers,
          chequers_serial_rivers_large_a, chequers_serial_rivers_small_a,
          chequers_serial_rivers_small_3, chequers_serial_rivers_micro_b,
          chequers_serial_rivers_small_a
D:4:      layout_loops_cross, cheibriados_altar_1,
          minmay_temple_entry_mini_moons, uniq_natasha

Skill      XL: |  1  2  3  4  5 |
---------------+----------------+-----
Dodging        | 3 4 |  4.5
Polearms       | 5 6 |  6.5
Fighting       | 4 |  4.4
Armour         | |  1.3

Action                   |  1- 3 |  4- 6 || total
-------------------------+-------+-------++-------
Melee: Spear             |    51 |       ||    51
       Trident           |    58 |   132 ||   190
       Punch             |     1 |       ||     1
Throw: Stone             |     1 |     2 ||     3
Invok: Berserk           |     1 |     4 ||     5
Armor: Animal skin       |     2 |       ||     2
       Scale mail        |    14 |       ||    14
       Plate armour      |    23 |    76 ||    99
Dodge: Dodged            |    29 |    52 ||    81

Table legend: (Time is in decaauts)
 A = Elapsed time spent in this place.
 B = Non-inter-level travel time spent in this place.
 C = Inter-level travel time spent in this place.
 D = Time resting spent in this place.
 E = Time spent auto-exploring this place.
 F = Levels seen in this place.
 G = Mean time per level.
                   A        B        C        D        E       F      G
               +--------+--------+--------+--------+--------+-----+--------+
         Total |   3467 |   3297 |    170 |    179 |   2606 |   4 |  866.8 |
       Dungeon |   3467 |   3297 |    170 |    179 |   2606 |   4 |  866.8 |
               +--------+--------+--------+--------+--------+-----+--------+

Top non-repeatable levels by time:
     D:1: 1457 daAuts
     D:3: 819 daAuts
     D:2: 780 daAuts
     D:4: 409 daAuts
